 Dungeon Crawl Stone Soup version 0.29.0-4-gdea44cf6ec (webtiles) character file.

Game seed: 12217547764038538414

161 qw the Chopper (level 5, -1/43 HPs)
             Began as a Barachi Chaos Knight on Sept 6, 2022.
             Slain by an orc
             ... wielding a +0 trident
              (6 damage)
             ... on level 3 of the Dungeon.
             The game lasted 00:01:07 (1955 turns).

qw the Chopper (Barachi Chaos Knight)               Turns: 1955, Time: 00:01:07

Health: -1/43      AC:  6    Str: 15    XL:     5   Next: 42%
Magic:  0/5        EV: 11    Int: 12    God:
Gold:   75         SH:  0    Dex: 12    Spells: 4/4 levels left

rFire   . . .      SeeInvis .   Y - +0 hand axe (chaos)
rCold   . . .      Faith    .   (no shield)
rNeg    . . .      Spirit   +   b - +2 leather armour
rPois   .          Reflect  .   (no helmet)
rElec   .          Harm     .   (no cloak)
rCorr   .          Rampage  .   g - +0 pair of gloves
Will    .....                   (no boots)
Stlth   +.........              h - amulet of guardian spirit
HPRegen 0.14/turn               (no ring)
MPRegen 0.09/turn               (no ring)

@: slow
A: amphibious, slowness 1, strong legs 1, +LOS
a: Hop


You were on level 3 of the Dungeon.
You visited 1 branch of the dungeon, and saw 3 of its levels.

You collected 75 gold pieces.


Innate Abilities, Weirdness & Mutations

You are amphibious.
You cover ground slowly.
You can hop short distances.
You have an extended range of vision and can be seen from far away.


   Skills:
 - Level 4.3 Fighting
 - Level 6.1 Axes
 - Level 2.4 Armour
 + Level 1.1 Dodging


You had 4 spell levels left.
You didn't know any spells.
Your spell library was empty.

Inventory:

Hand Weapons
 i - a +0 flail
 Y - a +0 hand axe of chaos (weapon)
Missiles
 n - 3 boomerangs (quivered)
Armour
 b - a +2 leather armour (worn)
 g - a +0 pair of gloves (worn)
Jewellery
 h - an amulet of guardian spirit (around neck)
Scrolls
 d - a scroll of identify
Potions
 a - a potion of curing
 e - a potion of might {unknown}
 j - a potion of lignification {unknown}
 l - a potion of attraction {unknown}
 o - a potion of haste {unknown}
Miscellaneous
 c - a piece from Xom's chessboard (15/15)

Dungeon Overview and Level Annotations

Branches:
Dungeon (3/15)

Altars:
Kikubaaqudgha

Annotations:
D:2 1 runed translucent door, Crazy Yiuf


Message History

The orc wizard completely misses you. The orc closely misses you.
You completely miss the orc wizard.
The orc wizard is moderately wounded.
The orc wizard barely misses you.
The orc hits you from afar with a +0 trident.
You hit the orc wizard but do no damage.
The orc wizard is moderately wounded.
The orc wizard hits you but does no damage.
The orc barely misses you.
You slash the orc wizard!
The orc wizard's magic leaks into the air.
The orc wizard is almost dead.
The orc wizard falters for a moment.
The orc misses you.
You hit the orc wizard but do no damage.
The orc wizard is almost dead.
The orc wizard's magic is no longer disrupted.
The orc wizard barely misses you.
The orc hits you from afar with a +0 trident.
You closely miss the orc wizard.
The orc wizard is almost dead.
The orc wizard hits you but does no damage.
The orc hits you from afar with a +0 trident.
You closely miss the orc wizard.
The orc wizard is almost dead.
The orc wizard points at you and mumbles some strange words.
The puff of flame hits you! The orc barely misses you.
You hit the orc wizard. You freeze the orc wizard.
You kill the orc wizard!
The orc closely misses you.
Your Fighting skill increases to level 4!
The orc hits you with a +0 trident.
Things that are here:
a +0 dagger; a +0 robe; a +0 whip You hit the orc.
You burn the orc.
The orc is heavily wounded.
The orc hits you but does no damage.
You closely miss the orc.
The orc is heavily wounded.
The orc hits you with a +0 trident.
You die...

..# .# ##.###.##
#######...#...
#............#
#......<..#..##
#........##...#
#.............#
#........?o...#
#........@##....#
#..........# ....
#........#.... #>
#................
#................
##.........#....#:
###......#.......>..
#..........##...###.
#......####...###


You could see an orc.

Vanquished Creatures
  Natasha (twice) (D:2)
  An orc wizard (D:3)
  An adder (D:1)
  An orc (D:3)
  7 ball pythons
  6 bats
  7 endoplasms
  A giant cockroach (D:1)
  5 goblins
  A hobgoblin (D:1)
  8 jackals
  3 quokkas (D:1)
  5 frilled lizards
  4 kobolds
52 creatures vanquished.

Vanquished Creatures (collateral kills)
  Natasha (D:2)
1 creature vanquished.

Grand Total: 53 creatures vanquished

Notes
Turn   | Place    | Note
-------+----------+-------------------------------------------
     0 | D:1      | qw the Barachi Chaos Knight began the quest for the Orb.
     0 | D:1      | Reached XP level 1. HP: 18/18 MP: 1/1
     0 | D:1      | 0 ||| qw: Version: 0.1-a-107-g9ff403c
     0 | D:1      | 0 ||| qw: Game counter: 6128
     0 | D:1      | 0 ||| qw: Always use a shield: true
     0 | D:1      | 0 ||| qw: God list: Okawaru
     0 | D:1      | 0 ||| qw: Allow faded altars: false
     0 | D:1      | 0 ||| qw: Do Orc after D:15 true
     0 | D:1      | 0 ||| qw: Do second Lair branch before Depths: true
     0 | D:1      | 0 ||| qw: Lair rune preference: random
     0 | D:1      | 0 ||| qw: Plans: Normal
     0 | D:1      | 0 ||| PLANNING D:1-11
     0 | D:1      | Fell from the grace of Xom
   148 | D:1      | Reached XP level 2. HP: 19/24 MP: 2/2
   244 | D:1      | Reached skill level 4 in Axes
   452 | D:1      | Reached XP level 3. HP: 29/29 MP: 3/3
   469 | D:1      | Found a faded altar of an unknown god.
   581 | D:1      | 581 ||| Stepping ~*~*~tactically~*~*~ (stealth).
   654 | D:1      | 654 ||| DROPPING +0 club.
   913 | D:1      | 913 ||| UPGRADING to +0 pair of gloves.
   918 | D:1      | 918 ||| UPGRADING to amulet of guardian spirit.
   923 | D:1      | 923 ||| READING scroll labelled SYJUCE GI TAT.
   924 | D:1      | 924 ||| READING scroll labelled FIXTERHEUTZ.
   925 | D:1      | 925 ||| READING scroll labelled IWISISH DAATHRI.
   940 | D:2      | 940 ||| STAIRDANCE
   988 | D:2      | Reached skill level 5 in Axes
  1066 | D:2      | 1066 ||| DROPPING +0 whip of flaming.
  1067 | D:2      | Noticed Natasha
  1077 | D:2      | HP: 3/29 [Natasha/magic dart (6)]
  1078 | D:2      | Killed Natasha
  1079 | D:2      | Reached XP level 4. HP: 4/36 MP: 0/4
  1153 | D:2      | Noticed Natasha
  1153 | D:2      | XOM: summons 3 friendly demons
  1154 | D:2      | 1154 ||| Stepping ~*~*~tactically~*~*~ (stealth).
  1155 | D:2      | 1155 ||| Stepping ~*~*~tactically~*~*~ (hiding).
  1156 | D:2      | 1156 ||| Stepping ~*~*~tactically~*~*~ (hiding).
  1157 | D:2      | 1157 ||| Stepping ~*~*~tactically~*~*~ (hiding).
  1158 | D:2      | Killed Natasha
  1230 | D:2      | XOM: summons 1 hostile demon
  1236 | D:2      | Noticed Natasha
  1247 | D:2      | Killed Natasha
  1248 | D:2      | Reached skill level 6 in Axes
  1248 | D:2      | Reached XP level 5. HP: 14/41 MP: 3/5
  1267 | D:2      | 1267 ||| FLEEEEING.
  1268 | D:2      | 1268 ||| FLEEEEING.
  1269 | D:2      | 1269 ||| FLEEEEING.
  1270 | D:2      | 1270 ||| FLEEEEING.
  1271 | D:2      | 1271 ||| FLEEEEING.
  1272 | D:2      | 1272 ||| FLEEEEING.
  1273 | D:2      | 1273 ||| FLEEEEING.
  1274 | D:2      | 1274 ||| FLEEEEING.
  1275 | D:2      | 1275 ||| FLEEEEING.
  1276 | D:2      | 1276 ||| FLEEEEING.
  1277 | D:2      | 1277 ||| FLEEEEING.
  1284 | D:2      | 1284 ||| FLEEEEING.
  1285 | D:2      | 1285 ||| STAIRDANCE
  1492 | D:2      | 1492 ||| Stepping ~*~*~tactically~*~*~ (stealth).
  1502 | D:2      | Found an ancient bone altar of Kikubaaqudgha.
  1503 | D:2      | 1503 ||| Stepping ~*~*~tactically~*~*~ (stealth).
  1504 | D:2      | 1504 ||| Stepping ~*~*~tactically~*~*~ (stealth).
  1574 | D:2      | Found a runed translucent door.
  1575 | D:2      | Noticed Crazy Yiuf
  1771 | D:2      | XOM: summons 1 hostile shadow creature
  1803 | D:2      | 1803 ||| READING scroll labelled WOUMAN DEAQUHIA.
  1804 | D:2      | 1804 ||| READING scroll labelled ZOTTAPS AZIOG.
  1805 | D:2      | 1805 ||| DRINKING 2 fuming coppery potions.
  1806 | D:2      | 1806 ||| READING 2 scrolls of identify.
  1806 | D:2      | 1806 ||| IDENTIFYING fizzy cyan potion
  1807 | D:2      | 1807 ||| DROPPING potion of brilliance.
  1827 | D:3      | 1827 ||| STAIRDANCE
  1865 | D:3      | 1865 ||| STAIRDANCE
  1925 | D:3      | 1925 ||| Stepping ~*~*~tactically~*~*~ (stealth).
  1927 | D:3      | 1927 ||| Stepping ~*~*~tactically~*~*~ (stealth).
  1930 | D:3      | 1930 ||| Stepping ~*~*~tactically~*~*~ (stealth).
  1931 | D:3      | 1931 ||| Stepping ~*~*~tactically~*~*~ (hiding).
  1951 | D:3      | HP: 6/42 [orc wizard/puff of flame (9)]
  1955 | D:3      | Slain by an orc

Levels and vault maps discovered:
D:1:      dpeg_arrival_arbitrary_b, layout_rooms, nicolae_ecumenical_lake_church
D:2:      layout_rooms, basic_altar, uniq_natasha, uniq_crazy_yiuf_cottage
D:3:      layout_rooms

Skill      XL: |  1  2  3  4  5 |
---------------+----------------+-----
Axes           | 4 5 6 |  6.1
Fighting       | 4 |  4.3
Armour         | |  2.4
Dodging        | |  1.1

Action                   |  1- 3 |  4- 6 || total
-------------------------+-------+-------++-------
Melee: Hand axe          |    94 |    80 ||   174
Throw: Boomerang         |     3 |    12 ||    15
Invok: Renounce Religion |     1 |       ||     1
  Use: Scroll            |     3 |     3 ||     6
       Potion            |       |     1 ||     1
 Stab: Paralysed         |     2 |       ||     2
Armor: Leather armour    |    37 |    29 ||    66
Dodge: Dodged            |    66 |    52 ||   118

Table legend:
 A = Non-vault XP
 B = Vault XP
 C = Vault XP percentage of total XP
 D = Non-vault monster count
 E = Vault monster count
 F = Vault count percentage of total count
                 A         B        C        D         E       F
            +---------+---------+-------+---------+---------+-------
      Total |     195 |      36 |  15.6 |      52 |       1 |   1.9
            +---------+---------+-------+---------+---------+-------
        D:1 |      60 |       0 |   0.0 |      30 |       0 |   0.0
        D:2 |      97 |      36 |  27.1 |      18 |       1 |   5.3
        D:3 |      38 |       0 |   0.0 |       4 |       0 |   0.0
            +---------+---------+-------+---------+---------+-------
